 Dungeon Crawl Stone Soup version 0.30-a0-755-g0b50240ab4 (webtiles) character file.

Game seed: 3952285090073038575

168 Rrauwl the Cudgeller (level 5, -1/48 HPs)
             Began as a Troll Artificer on Feb 8, 2023.
             Slain by an orc
             ... wielding a +0 flail
              (2 damage)
             ... on level 3 of the Dungeon on Feb 9, 2023.
             The game lasted 00:07:38 (1396 turns).

Rrauwl the Cudgeller (Troll Artificer)              Turns: 1396, Time: 00:07:39

Health: -1/48      AC:  7    Str: 20      XL:     5   Next: 23%
Magic:  4/4        EV: 10    Int:  6 (7)  God:
Gold:   200        SH:  0    Dex: 11 (12) Spells: 4/4 levels left

rFire   . . .      SeeInvis .    a - +2 whip (drain)
rCold   . . .      Faith    .    (no shield)
rNeg    . . .      Spirit   .    b - +0 robe
rPois   .          Reflect  .    (helmet restricted)
rElec   .          Harm     .    i - +2 cloak {Will+}
rCorr   +          Rampage  .    (gloves unavailable)
Will    +....                    (boots unavailable)
Stlth   +                        (no amulet)
HPRegen 1.08/turn                m - ring of resist corrosion
MPRegen 0.09/turn                (no ring)

@: confused, lethally poisoned (-1 -> -6), ambrosia-drunk
A: large, unfitting armour, claws 3, regeneration 1, shaggy fur 1, tough skin 1
a: no special abilities


You were on level 3 of the Dungeon.
You visited 1 branch of the dungeon, and saw 3 of its levels.

You collected 200 gold pieces.

Inventory:

Hand Weapons
 a - a +2 whip of draining (weapon)
Armour
 b - a +0 robe (worn)
 i - a +2 cloak of willpower (worn)
Jewellery
 m - a ring of resist corrosion (left claw)
 q - the ring of Lohiumuo {Ice rPois Int+3 Dex+6}
   (You found it on level 3 of the Dungeon)

   [ring of ice]

   It enhances your ice magic.
   Int:       It affects your intelligence (+3).
   Dex:       It affects your dexterity (+6).
   rF:        It makes you vulnerable to fire.
   rC:        It protects you from cold.
   rPois:     It protects you from poison.
Wands
 c - a wand of flame (12) (quivered)
 d - a wand of charming (15)
 e - a wand of iceblast (3)
 o - a wand of roots (8)
Scrolls
 j - a scroll of fear {unknown}
 k - a scroll of teleportation {unknown}
 n - a scroll of magic mapping {unknown}
 p - a scroll of enchant armour {unknown}
Potions
 f - a potion of flight
 g - a potion of curing
 h - 3 potions of brilliance


   Skills:
 - Level 1.0 Fighting
 + Level 3.4 Maces & Flails
 - Level 2.0 Dodging
 - Level 1.0 Stealth
 - Level 3.0 Evocations


You had 4 spell levels left.
You didn't know any spells.
Your spell library contained the following spells:

 Spells                   Type           Power      Damage    Failure   Level
 Blink                    Tloc           0%         N/A       58%         2
 Lesser Beckoning         Tloc           0%         N/A       58%         2
 Momentum Strike          Conj/Tloc      0%         3d8       58%         2


Dungeon Overview and Level Annotations

Branches:
Dungeon (3/15)

Altars:
Kikubaaqudgha
Ru


Innate Abilities, Weirdness & Mutations

You are too large for most types of armour.
You have claws for hands.
Your natural rate of healing is unusually fast.
You are covered in fur. (AC +1)
You have tough skin. (AC +1)


Message History

The orc priest mumbles some strange prayers to Beogh against you.
Pain shoots through your body! The orc hits you but does no damage.
The orc closely misses you.
You closely miss the orc priest.
The orc priest is lightly wounded.
The orc priest hits you but does no damage.
The orc hits you from afar with a +0 trident.
The orc hits you with a +0 hand axe.
* * * LOW HITPOINT WARNING * * *
The orc hits you with a +0 flail.
* * * LOW HITPOINT WARNING * * *
You are confused.
You feel invigorated.
You feel sick.
The orc priest hits you but does no damage.
You are more poisoned.
The orc hits you from afar with a +0 trident.
* * * LOW HITPOINT WARNING * * *
The orc hits you but does no damage. The orc hits you with a +0 flail.
* * * LOW HITPOINT WARNING * * *
You miss the orc priest.
The orc priest is lightly wounded.
You feel sick. The orc barely misses you. The orc priest barely misses you.
The orc hits you with a +0 hand axe.
* * * LOW HITPOINT WARNING * * *
The orc hits you but does no damage. The orc attacks as you move away!
The orc closely misses you.
You feel sick.
The orc priest hits you but does no damage.
You are more poisoned.
The orc barely misses you.
An orc comes into view. It is wielding a +0 flail.
The orc hits you with a +0 flail.
* * * LOW HITPOINT WARNING * * *
You closely miss the orc.
You feel very sick.
The orc shouts!
The orc priest invokes the aid of Beogh against you.
Beogh smites you!
* * * LOW HITPOINT WARNING * * *
The orc hits you but does no damage. The orc hits you with a +0 flail.
You die...

.#.######...............
#.#.######.##.#######.###
.................# #
..#.######.##.##.# ....##
#.##.##.# .....#
#.##....# ..##.##
#.#####.### ..##...
......ooo.# #....#
...####@#.# ..##.#
.......o....# ##...#
...##.#.#.##.# .....#
..#...... # #....# ###
#.# ### #.#..# #.# #.#..#
... #.#..# #o. #.#..#
#######.#.


You could see an orc priest and 4 orcs.

Vanquished Creatures
  3 orc priests
  Ijyb (D:3)
  2 worms
  2 dart slugs
  5 orcs
  2 endoplasms
  3 giant cockroaches
  3 goblins (D:1)
  3 hobgoblins (D:1)
  5 jackals
  2 kobolds (D:1)
  A quokka (D:1)
  5 ball pythons
  A bat (D:2)
  3 frilled lizards
  2 rats
43 creatures vanquished.

Vanquished Creatures (others)
  A plant (D:3)
1 creature vanquished.

Grand Total: 44 creatures vanquished

Notes
Turn   | Place    | Note
-------+----------+-------------------------------------------
     0 | D:1      | Rrauwl the Troll Artificer began the quest for the Orb.
     0 | D:1      | Reached XP level 1. HP: 18/18 MP: 0/0
    66 | D:1      | Reached skill level 1 in Fighting
    97 | D:1      | Reached XP level 2. HP: 27/27 MP: 1/1
   282 | D:1      | Reached skill level 1 in Stealth
   655 | D:2      | Reached XP level 3. HP: 33/33 MP: 2/2
   728 | D:2      | Reached skill level 1 in Maces & Flails
   938 | D:2      | Found a faded altar of an unknown god.
   956 | D:2      | Reached XP level 4. HP: 41/41 MP: 3/3
  1144 | D:3      | Upgraded the game from 0.30-a0-743-gbfdf073431 to
                  | 0.30-a0-755-g0b50240ab4
  1152 | D:3      | Noticed Ijyb
  1160 | D:3      | Killed Ijyb
  1206 | D:3      | Found a sacrificial altar of Ru.
  1250 | D:3      | Found an ancient bone altar of Kikubaaqudgha.
  1347 | D:3      | Reached XP level 5. HP: 48/48 MP: 4/4
  1369 | D:3      | Identified the ring of Lohiumuo {Ice rPois Int+3 Dex+6}
  1396 | D:3      | HP: 1/48 [orc priest/divine providence (10)]
  1396 | D:3      | Slain by an orc

Illustrated notes

Levels and vault maps discovered:
D:1:      lordsloth_arrival_two_stooges, layout_loops_ring
D:2:      layout_rooms, hellmonk_ecumenical_altar_pennies_from_heaven
D:3:      layout_loops_ring, nicolae_ru_the_path_less_chosen,
          mainiacjoe_overflow_paths, elyvilon_altar_5, portal_sewer_entry_f,
          uniq_ijyb

Skill      XL: |  1  2  3  4 |
---------------+-------------+-----
Dodging        | 2 |  2.0
Fighting       | 1 |  1.0
Stealth        | 1 |  1.0
Evocations     | 3 |  3.0
Maces & Flails | 1 3 |  3.4

Action                     |  1- 3 |  4- 6 || total
---------------------------+-------+-------++-------
  Melee: Spear             |    80 |       ||    80
         Whip              |    31 |    50 ||    81
         Punch             |     1 |       ||     1
  Evoke: Wand              |       |     5 ||     5
    Use: Potion            |     4 |     1 ||     5
         Scroll            |     2 |     2 ||     4
   Stab: Sleeping          |     3 |       ||     3
 Armour: Robe              |    27 |    22 ||    49
  Dodge: Dodged            |    45 |    28 ||    73

Table legend: (Time is in decaauts)
 A = Elapsed time spent in this place.
 B = Non-inter-level travel time spent in this place.
 C = Inter-level travel time spent in this place.
 D = Time resting spent in this place.
 E = Time spent auto-exploring this place.
 F = Levels seen in this place.
 G = Mean time per level.
                   A        B        C        D        E       F      G
               +--------+--------+--------+--------+--------+-----+--------+
         Total |   1402 |   1346 |     56 |      0 |    992 |   3 |  467.3 |
       Dungeon |   1402 |   1346 |     56 |      0 |    992 |   3 |  467.3 |
               +--------+--------+--------+--------+--------+-----+--------+

Top non-repeatable levels by time:
     D:1: 657 daAuts
     D:2: 493 daAuts
     D:3: 251 daAuts
